Map: Invader LE

Players

Miszu - Winner!

  • Race: Terran Terran
  • League: Master

NorthBrute

  • Race: Terran Terran
  • League: Master

VOD

Have the link to the VOD?

Description

Time

  • Played on: March 28, 2016, 5:20 p.m.
  • Length: 7:55
Show
View Real Time Build Order
Export as new Build Order

Miszu Terran - Winner!

Build Orders: Banshee Rush 

Get SALT Encoding   

  12  0:01  SCV  
  13  0:13  SCV  
  14  0:20  Supply Depot  
  14  0:25  SCV  
  15  0:41  SCV  
  16  0:44  Barracks  
  16  0:51  Refinery  
  16  0:53  SCV  
  17  1:08  SCV  
  18  1:20  SCV  
  19  1:33  Barracks Reactor  
  19  1:34  Orbital Command  
  19  1:41  Command Center  
  19  1:51  Supply Depot  
  19  2:00  SCV  
  20  2:09  Marine x2  
  20  2:11  Factory  
  20  2:14  SCV  
  23  2:26  SCV  
  23  2:27  Refinery  
  24  2:36  Marine x2  
  25  2:38  SCV  
  26  2:50  SCV  
  27  2:54  Marine x2  
  27  2:55  Starport  
  27  2:56  Factory Tech Lab  
  27  3:09  Orbital Command  
  27  3:11  Marine, SCV  
  27  3:12  Marine  
  30  3:23  SCV  
  31  3:35  SCV  
  31  3:39  Factory Tech Lab  
  31  3:41  SCV  
  33  3:46  Cloaking Field, Banshee  
  33  3:47  SCV  
  37  3:53  SCV  
  38  3:58  Marine  
  38  3:59  Marine, SCV  
  41  4:07  Supply Depot, SCV  
  42  4:13  Command Center  
  42  4:14  SCV  
  43  4:18  Siege Tank  
  46  4:28  SCV  
  46  4:29  Supply Depot  
  46  4:30  Banshee  
  50  4:37  Marine x2  
  50  4:38  SCV  
  53  4:45  SCV  
  54  4:51  SCV  
  55  4:55  Marine  
  55  4:57  SCV  
  57  5:02  Barracks  
  57  5:03  SCV  
  57  5:04  Supply Depot, Barracks  
  58  5:09  SCV  
  59  5:15  SCV  
  60  5:22  SCV  
  60  5:24  Barracks  
  60  5:25  Barracks  
  60  5:26  Supply Depot  
  60  5:27  Starport Reactor, Refinery x2, SCV  
  62  5:30  Orbital Command  
  62  5:38  SCV  
  62  5:41  SCV  
  64  5:45  Engineering Bay  
  64  5:47  Engineering Bay  
  64  5:50  SCV  
  64  5:52  Barracks Tech Lab  
  64  5:53  Barracks Tech Lab  
  64  5:54  SCV  
  66  6:02  SCV  
  66  6:04  SCV  
  65  6:07  SCV  
  65  6:10  Marine  
  67  6:12  Combat Shields  
  67  6:17  SCV  
  69  6:18  Barracks Reactor  
  69  6:19  Barracks Reactor  
  69  6:23  Siege Tank  
  69  6:26  Orbital Command  
  69  6:28  Marine x2  
  69  6:31  Marine x2  
  72  6:35  Medivac x2  
  72  6:39  Supply Depot  
  76  6:45  Marine  
  76  6:46  Marine  
  78  6:49  Marine  
  78  6:51  Armory  
  78  6:54  Marine  
  80  6:55  Marine, Siege Tank  
  80  6:56  Marine x2  
  80  6:58  SCV  
  80  7:01  Marine  
  88  7:03  Marine  
  88  7:04  Marine  
  90  7:09  Marine  
  90  7:10  Medivac x2  
  90  7:14  Marine  
  90  7:15  Marine x3  
  99  7:28  Marine  
Show
View Real Time Build Order
Export as new Build Order

NorthBrute Terran 

Build Orders: Reaper Expand, MMM Bio 

Get SALT Encoding   

  12  0:01  SCV  
  13  0:13  SCV  
  14  0:17  Supply Depot  
  14  0:25  SCV  
  15  0:38  SCV  
  15  0:40  Barracks  
  16  0:46  Refinery  
  16  0:51  SCV  
  17  1:03  SCV  
  18  1:15  SCV  
  19  1:27  Orbital Command  
  19  1:30  Reaper  
  20  1:43  Command Center  
  20  1:54  SCV  
  20  1:55  Supply Depot  
  21  2:02  Reaper  
  21  2:06  SCV  
  23  2:10  Refinery  
  23  2:18  SCV  
  24  2:27  Factory  
  24  2:30  SCV  
  25  2:42  Barracks Reactor, SCV  
  26  2:54  SCV  
  26  2:55  Orbital Command  
  26  3:07  SCV  
  27  3:15  Starport  
  27  3:19  SCV  
  28  3:20  Marine x2  
  28  3:22  Factory Tech Lab  
  28  3:23  SCV  
  31  3:31  SCV  
  32  3:35  SCV  
  32  3:38  Marine x2  
  32  3:40  Cyclone  
  37  3:45  SCV  
  38  3:49  Engineering Bay  
  38  3:50  SCV  
  38  3:52  Viking  
  38  3:55  Barracks  
  41  3:57  Marine x2, SCV  
  41  3:58  Barracks  
  45  4:09  Supply Depot  
  46  4:10  SCV  
  46  4:12  Supply Depot  
  46  4:15  Missile Turret  
  45  4:18  Missile Turret  
  45  4:20  Missile Turret  
  45  4:21  SCV  
  46  4:31  Marine x2  
  48  4:36  Siege Tank  
  48  4:37  Starport Reactor  
  51  4:43  SCV  
  51  4:44  Barracks Tech Lab  
  52  4:51  SCV  
  52  4:52  Refinery, Barracks Tech Lab  
  53  4:53  Supply Depot  
  53  4:54  Marine  
  53  4:55  Marine  
  53  4:58  SCV  
  53  4:59  Refinery  
  56  5:04  Supply Depot, SCV  
  57  5:15  Siege Tank  
  57  5:16  Stimpack  
  57  5:17  Marine  
  57  5:18  SCV  
  57  5:20  SCV  
  63  5:22  Marine  
  63  5:25  Marine  
  63  5:27  Combat Shields  
  65  5:28  Supply Depot  
  65  5:30  SCV  
  65  5:33  SCV  
  67  5:39  Supply Depot, Medivac  
  67  5:40  Marine  
  67  5:41  Marine  
  67  5:42  SCV  
  72  5:44  Medivac  
  72  5:46  SCV  
  75  5:50  Supply Depot  
  75  5:53  Marine x2  
  75  5:57  Siege Tank  
  80  6:03  SCV  
  80  6:10  SCV  
  81  6:18  SCV  
  81  6:21  Marine  
  81  6:22  Marine  
  81  6:23  Medivac x2  
  81  6:25  Supply Depot  
  87  6:29  Marine x2, Barracks  
  87  6:31  Barracks  
  89  6:36  Supply Depot  
  89  6:39  Marine  
  89  6:40  Marine  
  89  6:47  Marine x2, Siege Tank  
  91  6:54  Supply Depot  
  96  6:57  Marine  
  97  7:03  Marine  
  97  7:04  Marine, Medivac x2  
  103  7:08  Supply Depot  
  103  7:14  Marine  
  103  7:15  Marine  
  105  7:17  Barracks Reactor  
  105  7:19  Siege Tank  
  98  7:24  Marine x3  
  101  7:32  Marine  
Tags
 
Composition
MMM Bio
Matchup
TvT
Race
Terran
Strategy
Banshee Rush
Add a new tag
Caveats
  • Supply blocks, unpowered buildings, or Contaminate may cause inaccurate times.
  • Supply counts are checked every 10 seconds.